Map: Catalyst LE

Players

Harstem - Winner!

  • Race: Protoss Protoss
  • League: Master
  • Spawn Location: 5:00

Bunny

  • Race: Terran Terran
  • League: Diamond
  • Spawn Location: 11:00

Event: HomeStory Cup XVII

VOD

Have the link to the VOD?

Description

Time

  • Played on: June 30, 2018, 5:03 p.m.
  • Length: 14:48

All games in this series

Show
View Real Time Build Order
Export as new Build Order

Harstem Protoss - Winner!

Build Orders: 1 Gate Expand, Oracle Opening 

Get SALT Encoding   

  12  0:00  Probe  
  13  0:12  Probe  
  14  0:18  Pylon  
  14  0:24  Probe  
  15  0:32  Probe  
  15  0:37  Gateway  
  15  0:40  Probe  
  16  0:46  Assimilator  
  17  0:51  Probe  
  18  1:03  Probe  
  19  1:15  Probe  
  20  1:23  Nexus  
  20  1:34  Cybernetics Core  
  20  1:36  Probe  
  21  1:42  Assimilator  
  21  1:48  Probe  
  22  1:54  Pylon  
  22  2:01  Probe  
  23  2:03  Adept  
  23  2:13  Probe  
  26  2:15  Stargate  
  26  2:26  Probe  
  26  2:29  Adept, Warp Gate  
  27  2:35  Probe  
  30  2:38  Probe  
  31  2:47  Probe  
  31  2:49  Oracle  
  31  2:50  Probe  
  33  2:51  Pylon  
  33  3:00  Probe  
  33  3:02  Probe  
  38  3:06  Adept  
  38  3:10  Shield Battery  
  40  3:13  Probe  
  40  3:16  Probe  
  40  3:18  Oracle  
  42  3:25  Probe  
  43  3:28  Probe  
  47  3:41  Probe  
  47  3:43  Gateway x2  
  47  3:44  Probe  
  47  3:47  Pylon  
  49  4:06  Probe  
  50  4:11  Oracle, Probe  
  50  4:13  Pylon  
  54  4:18  Probe  
  54  4:23  Nexus  
  54  4:24  Probe  
  55  4:25  Pylon  
  55  4:28  Probe  
  56  4:32  Probe  
  56  4:35  Stalker  
  56  4:36  Probe  
  59  4:40  Stalker x2  
  59  4:41  Probe  
  59  4:44  Assimilator, Probe  
  65  4:47  Assimilator  
  66  4:53  Probe  
  66  4:55  Forge  
  66  4:56  Probe  
  68  5:00  Twilight Council  
  68  5:05  Probe  
  67  5:07  Probe  
  67  5:08  Pylon  
  67  5:13  Probe  
  68  5:15  Probe  
  68  5:19  Pylon  
  68  5:21  Probe  
  69  5:23  Blink, Probe  
  71  5:31  Sentry, Stalker x2, Protoss Ground Weapons Level 1  
  71  5:32  Probe  
  71  5:35  Probe x2  
  80  5:40  Probe  
  80  5:44  Probe  
  80  5:47  Probe  
  84  5:58  Gateway  
  84  6:00  Gateway, Probe x2  
  84  6:01  Robotics Facility  
  84  6:03  Gateway  
  85  6:08  Probe, Sentry  
  85  6:09  Pylon  
  85  6:10  Assimilator  
  88  6:12  Probe  
  88  6:15  Sentry  
  88  6:16  Probe  
  92  6:20  Probe, Shield Battery, Pylon  
  92  6:21  Sentry  
  92  6:24  Probe  
  96  6:28  Photon Cannon  
  96  6:30  Probe  
  94  6:35  Stalker  
  96  6:41  Assimilator, Stalker  
  96  6:45  Immortal  
  96  6:47  Shield Battery  
  98  6:48  Stalker  
  98  6:53  Probe  
  101  6:54  Probe  
  101  6:55  Probe  
  101  6:58  Stalker x2  
  101  7:00  Zealot  
  112  7:09  Stalker x2  
  116  7:18  Probe  
  116  7:22  Probe  
  110  7:23  Probe  
  110  7:24  Charge  
  110  7:26  Probe  
  109  7:32  Robotics Bay  
  109  7:34  Probe  
  109  7:35  Probe  
  109  7:36  Probe  
  112  7:41  Stalker  
  113  7:45  Protoss Ground Armor Level 1  
  113  7:46  Probe  
  113  7:47  Probe  
  114  7:51  Stalker x2  
  114  7:53  Pylon  
  118  8:04  Pylon x2  
  118  8:08  Zealot x2  
  118  8:10  Pylon  
  120  8:14  Pylon  
  120  8:15  Probe  
  120  8:16  Phoenix, Probe x2  
  120  8:18  Stalker x3  
  118  8:28  Probe x3  
  121  8:34  Disruptor  
  121  8:39  Stalker x3  
  121  8:40  Probe  
  126  8:46  Probe  
  130  8:53  Probe  
  130  8:54  Probe  
  132  9:00  Pylon  
  132  9:02  Disruptor, Pylon  
  132  9:07  Probe  
  132  9:08  Forge  
  136  9:21  Stalker x2  
  140  9:24  Nexus  
  140  9:26  Disruptor  
  140  9:28  Zealot x2  
  139  9:45  Stalker  
  139  9:46  Stalker x2  
  139  9:48  Protoss Ground Armor Level 2  
  139  9:50  Protoss Ground Weapons Level 2  
  145  9:57  Zealot  
  145  9:58  Zealot x2  
  149  10:10  Zealot x3  
  151  10:20  Zealot  
  151  10:21  Zealot x2  
  154  10:23  Gateway  
  154  10:24  Disruptor  
  154  10:27  Gateway, Dark Shrine  
  153  10:32  Pylon  
  153  10:33  Zealot x2  
  160  10:35  Zealot  
  162  10:45  Zealot  
  164  10:56  Zealot x5  
  166  10:58  Disruptor  
  166  11:02  Pylon  
  169  11:04  Pylon  
  169  11:08  Zealot  
  167  11:18  Zealot x3  
  167  11:19  Zealot  
  155  11:34  Disruptor  
  155  11:37  Zealot x2  
  155  11:39  Zealot x4  
  136  11:53  Protoss Ground Armor Level 3  
  132  11:58  Stalker x2  
  132  12:00  Protoss Ground Weapons Level 3  
  120  12:06  Disruptor, Zealot x2  
  120  12:07  Zealot x2  
  131  12:25  Dark Templar x2  
  131  12:28  Dark Templar  
  135  12:30  Zealot  
  135  12:31  Zealot x4  
  135  12:35  Disruptor  
  148  12:50  Nexus  
  148  12:52  Zealot x3  
  148  12:53  Zealot x2  
  148  12:56  Photon Cannon  
  148  12:58  Probe x2, Pylon  
  156  13:11  Disruptor  
  157  13:16  Zealot  
  157  13:17  Zealot x7  
  169  13:46  Disruptor  
  163  13:48  Stalker x2  
  163  13:49  Stalker x6  
  163  14:09  Probe  
  164  14:13  Stalker x6  
  176  14:17  Probe x2  
  176  14:18  Probe  
  179  14:33  Zealot x2  
  181  14:45  Dark Templar x3  
  171  14:46  Stalker x2  
Show
View Real Time Build Order
Export as new Build Order

Bunny Terran 

Build Orders: Cyclone Opening, MMM Bio 

Get SALT Encoding   

  12  0:04  SCV  
  13  0:17  SCV  
  13  0:20  Supply Depot  
  14  0:29  Refinery, SCV  
  15  0:42  SCV  
  16  0:45  Barracks  
  16  0:54  SCV  
  17  1:06  SCV  
  18  1:18  SCV  
  19  1:33  Orbital Command, Marine  
  20  1:44  Command Center  
  20  1:55  Factory  
  20  1:58  Barracks Reactor  
  20  2:02  SCV  
  20  2:08  Refinery  
  21  2:14  SCV  
  22  2:16  Supply Depot  
  22  2:26  SCV  
  23  2:38  SCV  
  23  2:44  Cyclone  
  27  2:45  Marine  
  27  2:48  Cyclone  
  31  2:55  SCV  
  31  2:56  Orbital Command  
  32  3:06  Barracks Tech Lab  
  32  3:07  SCV  
  33  3:16  Hellion  
  36  3:20  Hellion, SCV  
  36  3:22  SCV  
  36  3:25  Stimpack  
  39  3:31  Supply Depot  
  39  3:32  SCV  
  40  3:34  SCV  
  40  3:37  Widow Mine  
  43  3:42  Widow Mine  
  43  3:43  Marine  
  46  3:49  Supply Depot  
  46  3:52  SCV x2  
  47  4:02  Widow Mine  
  49  4:03  Widow Mine  
  49  4:06  Marine  
  49  4:09  SCV  
  47  4:10  SCV  
  47  4:14  Barracks  
  47  4:15  Bunker  
  46  4:22  SCV  
  46  4:23  Marine, SCV  
  46  4:24  Widow Mine x2  
  49  4:27  Engineering Bay  
  51  4:33  Supply Depot  
  51  4:35  SCV  
  51  4:37  SCV  
  53  4:41  Marine  
  54  4:46  Starport  
  54  4:51  Barracks  
  54  4:52  SCV  
  55  4:57  Factory Reactor  
  55  4:59  Marine, SCV  
  57  5:01  Refinery  
  57  5:03  Terran Infantry Weapons Level 1  
  57  5:04  SCV  
  58  5:07  Barracks Tech Lab  
  58  5:12  Supply Depot, SCV  
  59  5:16  SCV  
  59  5:17  Marine  
  59  5:29  Command Center  
  59  5:32  Marine  
  59  5:35  Marine  
  61  5:36  Combat Shields  
  61  5:37  SCV  
  61  5:38  SCV  
  61  5:40  Factory Reactor  
  61  5:41  Medivac  
  65  5:44  Medivac  
  65  5:46  Marine  
  65  5:47  Marine  
  69  5:50  Marine  
  69  5:52  Marine  
  69  5:56  SCV x2  
  73  6:02  Refinery  
  73  6:03  Supply Depot  
  73  6:07  Marine x2  
  73  6:08  Marauder  
  77  6:12  Missile Turret  
  77  6:14  Concussive Shells  
  77  6:21  SCV  
  77  6:23  Supply Depot  
  77  6:25  Medivac x2, Marauder, SCV  
  85  6:36  SCV  
  86  6:40  Widow Mine x2, SCV, Marauder, Marine, Barracks x2  
  93  6:50  SCV  
  93  6:51  Orbital Command  
  93  6:53  SCV  
  93  7:00  Marauder, Marine x2  
  97  7:02  Marauder  
  98  7:09  Widow Mine x2, Medivac x2  
  98  7:14  SCV x2  
  106  7:20  Marine x2  
  106  7:21  Marauder  
  107  7:23  Marauder  
  107  7:28  SCV x2  
  107  7:32  Barracks Reactor  
  107  7:33  Terran Infantry Armor Level 1, Barracks Tech Lab  
  107  7:38  Orbital Command  
  107  7:39  Marine x2  
  107  7:42  Marauder  
  109  7:51  Marauder  
  109  7:53  Widow Mine x2, SCV x2  
  109  7:54  Supply Depot  
  109  7:57  Supply Depot  
  109  7:58  Liberator x2, Marauder  
  117  8:12  Marauder  
  117  8:13  Marine x2  
  117  8:16  Marauder  
  117  8:17  SCV x3  
  117  8:19  Marine, Marauder  
  128  8:21  Marine  
  127  8:29  Widow Mine x2  
  127  8:32  Refinery, Marine x2  
  127  8:33  Marauder  
  133  8:41  Supply Depot x2  
  133  8:42  Supply Depot, Marine x2  
  133  8:45  Liberator x2  
  133  8:48  Marauder x2  
  133  8:50  Marine x2  
  133  8:51  Widow Mine x2  
  133  8:55  Marauder  
  147  9:03  Supply Depot x2  
  147  9:08  Marine x3  
  147  9:09  Marauder x2  
  154  9:13  Marine  
  154  9:16  Marine  
  154  9:17  Widow Mine x2  
  160  9:27  Marine x3  
  160  9:31  Marauder x2, Marine  
  167  9:34  Marauder  
  167  9:35  Liberator  
  167  9:36  Liberator  
  166  9:45  Marine  
  163  9:47  Marine  
  163  9:52  Marauder x2  
  167  9:55  Marauder  
  167  9:56  Widow Mine x2  
  171  10:08  Marine x2  
  171  10:09  Supply Depot, Marine x2  
  171  10:13  Marauder  
  171  10:14  Marauder  
  173  10:18  Liberator x2  
  173  10:20  Marauder  
  161  10:24  Widow Mine  
  161  10:25  Widow Mine  
  161  10:26  Marine x3  
  168  10:34  Marine  
  168  10:35  Marauder x2  
  169  10:39  Armory  
  169  10:42  Marauder  
  171  10:44  Marine  
  171  10:45  Marine x2  
  174  10:52  Marine  
  174  10:56  Marauder x2  
  173  11:02  Marine  
  173  11:03  Marine, Marauder  
  176  11:06  Marine  
  176  11:09  Marine  
  176  11:18  Medivac x2, Marauder x2  
  171  11:19  Marine  
  171  11:20  Marine  
  171  11:23  Marine  
  171  11:24  Marauder  
  171  11:27  Marine  
  171  11:31  Liberator x2  
  168  11:37  Marine  
  168  11:38  Marine  
  168  11:39  Marauder x2  
  159  11:41  Marine  
  159  11:45  Marine  
  159  11:46  Marauder  
  142  11:51  Widow Mine  
  143  11:55  Marine  
  143  11:56  Marine  
  143  11:58  Terran Infantry Weapons Level 2  
  143  11:59  Marine  
  143  12:00  Marauder x2  
  136  12:03  Widow Mine, Marine  
  136  12:07  Marine  
  134  12:13  Widow Mine, Marine  
  134  12:14  Marine  
  138  12:17  Marine  
  138  12:22  Marauder x2, Marine  
  143  12:25  Marauder  
  146  12:31  Medivac x2, Marine  
  146  12:32  Marine  
  146  12:35  Marine  
  153  12:41  Marine  
  153  12:43  Marauder x2  
  157  12:45  Widow Mine x2  
  157  12:46  Marauder  
  157  12:49  Marine x2  
  157  12:51  Orbital Command  
  159  13:03  Missile Turret  
  159  13:04  Marauder  
  159  13:05  Marauder  
  155  13:08  Marauder, Missile Turret  
  148  13:26  Medivac x2, Marauder x2, Marine  
  148  13:27  Marine  
  155  13:28  Marine x2  
  155  13:29  Marauder  
  155  13:30  Missile Turret  
  155  13:31  Widow Mine x2  
  157  13:43  Orbital Command  
  157  13:44  Marine x2  
  157  13:46  Marine  
  157  13:47  Marauder x2  
  142  13:51  Marauder  
  142  13:53  Marine  
  127  14:02  Marine  
  100  14:04  Marine x2  
  100  14:09  Marauder  
  102  14:11  Marine x2  
  101  14:17  Marine  
  101  14:20  Marine  
  101  14:23  Marine x2  
  105  14:29  Marine x2  
Tags
 
Add a new tag
Caveats
  • Supply blocks, unpowered buildings, or Contaminate may cause inaccurate times.
  • Supply counts are checked every 10 seconds.